 Dungeon Crawl Stone Soup version 0.23.2-33-g5129a83184 (webtiles) character file.

Game seed: 15090505210980125406

8842 esteth the Spear-Bearer (level 11, -2/83 HPs)
             Began as a Merfolk Fighter on June 29, 2019.
             Was an Initiate of Gozag.
             Slain by a komodo dragon (26 damage)
             ... on level 1 of the Lair of Beasts.
             The game lasted 00:21:41 (10379 turns).

esteth the Spear-Bearer (Merfolk Fighter)          Turns: 10379, Time: 00:21:42

Health: -2/83      AC: 14    Str: 20    XL:     11   Next: 37%
Magic:  11/11      EV: 12    Int: 10    God:    Gozag
Gold:   1599       SH:  6    Dex: 14    Spells: 8/10 levels left

rFire    + . .     SeeInvis .   N - +1 trident (flame)
rCold    . . .     Gourm    .   l - +0 buckler
rNeg     . . .     Faith    .   G - +2 chain mail {rF+}
rPois    .         Spirit   .   J - +0 helmet
rElec    .         Reflect  .   A - +0 cloak (curse)
rCorr    .         Harm     .   i - +0 pair of gloves
MR       .....                  (no boots)
Stlth    ..........             (no amulet)
HPRegen  0.23/turn              k - ring of stealth
MPRegen  0.12/turn              w - +3 ring of strength

@: gold aura
A: change form in water, swift swim, stealthy swim
a: Potion Petition, Call Merchant, Bribe Branch, Renounce Religion


You were on level 1 of the Lair of Beasts.
You worshipped Gozag.
Gozag was most pleased with you.
You were hungry.

You visited 2 branches of the dungeon, and saw 12 of its levels.

You collected 2215 gold pieces.
You spent 301 gold pieces at shops.
You paid 315 gold pieces to Gozag.

Inventory:

Hand Weapons
 a - a +0 trident
 H - a +3 trident of protection
 N - a +1 trident of flaming (weapon)
Armour
 b - a +0 scale mail
 c - a +0 shield
 i - a +0 pair of gloves (worn)
 l - a +0 buckler (worn)
 A - a cursed +0 cloak (worn)
 G - a +2 chain mail of fire resistance (worn)
 J - a +0 helmet (worn)
 K - a +2 shield
Jewellery
 j - an uncursed ring of protection from magic {unknown}
 k - a ring of stealth (left hand)
 t - an uncursed ring of protection from cold
 w - a +3 ring of strength (right hand)
 C - an uncursed ring of magical power
Wands
 s - a wand of iceblast (14)
 E - a wand of polymorph (8)
Scrolls
 g - 4 scrolls of enchant armour {unknown}
 h - a scroll of fog
 m - 5 scrolls of teleportation
 n - a scroll of blinking {unknown}
 r - 2 scrolls of fear
 u - 7 scrolls of remove curse
 v - 4 scrolls of identify
 x - a scroll of enchant weapon {unknown}
 y - a scroll of magic mapping
 B - 2 scrolls of amnesia {unknown}
 D - 2 scrolls of noise {unknown}
 F - a scroll of summoning {unknown}
 L - a scroll of holy word {unknown}
 M - 2 scrolls of vulnerability {unknown}
Potions
 d - a potion of resistance {unknown}
 e - a potion of mutation {unknown}
 o - a potion of agility
 p - 2 potions of lignification {unknown}
 q - 4 potions of flight {unknown}
 z - 2 potions of haste {unknown}
 I - 2 potions of invisibility {unknown}
 O - a potion of degeneration {unknown}
Comestibles
 f - 6 rations


   Skills:
 + Level 6.5 Fighting
 - Level 14.0 Polearms
 - Level 2.1 Armour
 - Level 9.7 Dodging
 + Level 8.9 Shields
 - Level 8.0 Transmutations
 + Level 2.5 Earth Magic


You had 8 spell levels left.
You knew the following spells:

 Your Spells              Type           Power        Failure   Level  Hunger
a - Passwall              Tmut/Erth      ##......     58%         2    ###....

Your spell library contained the following spells:

 Spells                   Type           Power        Failure   Level  Hunger
 Sandblast                Erth           #.....       83%         1    ##.....
 Petrify                  Tmut/Erth      ##......     99%         4    #####..
 Stone Arrow              Conj/Erth      #.....       100%        3    ####...
 Lee's Rapid Deconstruct  Erth           #.........   100%        5    ######.


Dungeon Overview and Level Annotations

Branches:
Dungeon (11/15)            Temple (0/1) D:4            Lair (1/6) D:8
    Orc: D:9-12

Altars:
Ashenzari
Cheibriados
Elyvilon
Gozag
Qazlal
Sif Muna
Uskayaw
Yredelemnul
The Shining One

Shops:
D:6 [   D:7 (}


Message History

The komodo dragon bites you!
You puncture the komodo dragon! You burn the komodo dragon.
The komodo dragon is severely wounded.
You hit the komodo dragon but do no damage.
The komodo dragon is severely wounded.
The komodo dragon bites you!!
You are too injured to fight recklessly!
You are too injured to fight recklessly!
You are too injured to fight recklessly!
You barely miss the komodo dragon.
The komodo dragon is severely wounded.
You puncture the komodo dragon! You burn the komodo dragon.
The komodo dragon is almost dead.
The komodo dragon bites you.
* * * LOW HITPOINT WARNING * * *
You hit the komodo dragon but do no damage.
The komodo dragon is almost dead.
The komodo dragon bites you!!
You die...
Your body crumbles into a pile of gold.

#..# #..# ##########
#..###### #
#P#.##.#.###...#.#.###..
........................
....................?...
........................
.<..............@l......
####(####P#....#.##.P#.#
### ###....### # #....#
#.....# ##....# #....#
.....# #....#


You could see a komodo dragon.

Vanquished Creatures
  A cyclops (D:9)
  An ugly thing (D:11)
  A manticore (D:10)
  A gargoyle (D:10)
  A queen bee (D:9)
  A troll (D:10)
  4 hippogriffs
  Sigmund (D:2)
  A wyvern (D:9)
  A spriggan (D:9)
  A wraith (D:10)
  2 wargs (D:8)
  5 ice beasts
  4 orc warriors
  2 phantoms
  An eye of draining (D:9)
  A sky beast (D:8)
  9 ogres
  3 centaurs
  A big kobold (D:10)
  Blork the orc (D:6)
  9 bullfrogs
  A wyvern skeleton (D:10)
  4 scorpions
  21 killer bees
  3 howler monkeys (D:9)
  2 crimson imps (D:5)
  3 jellies
  A quasit (D:9)
  A bullfrog zombie (D:6)
  5 orc priests
  3 hounds
  3 iguanas
  9 orc wizards
  6 worker ants
  A howler monkey zombie (D:3)
  A worker ant zombie (D:10)
  15 adders
  4 gnolls (D:9)
  4 shadow imps
  3 oozes
  2 adder zombies
  A worm (D:3)
  4 leopard geckos
  38 orcs
  3 giant cockroaches
  8 goblins
  4 hobgoblins
  9 jackals
  6 quokkas
  8 bats
  4 frilled lizards
  A jackal skeleton (D:3)
  7 kobolds
  A leopard gecko skeleton (D:3)
  A leopard gecko zombie (D:3)
  A quokka skeleton (D:3)
  A quokka zombie (D:7)
  8 rats
249 creatures vanquished.

Vanquished Creatures (others)
  13 plants (D:9)
13 creatures vanquished.

Grand Total: 262 creatures vanquished

Notes
Turn   | Place    | Note
-------+----------+-------------------------------------------
     0 | D:1      | esteth the Merfolk Fighter began the quest for the Orb.
     0 | D:1      | Reached XP level 1. HP: 18/18 MP: 1/1
   349 | D:1      | Reached XP level 2. HP: 24/24 MP: 2/2
   747 | D:2      | Found a glowing golden altar of the Shining One.
   854 | D:2      | Reached skill level 4 in Polearms
   854 | D:2      | Reached XP level 3. HP: 29/29 MP: 3/3
   897 | D:2      | Found a white marble altar of Elyvilon.
   907 | D:2      | Found a deep blue altar of Sif Muna.
  1448 | D:2      | Noticed Sigmund
  1463 | D:2      | Killed Sigmund
  1463 | D:2      | Reached skill level 6 in Polearms
  1463 | D:2      | Reached XP level 4. HP: 31/35 MP: 4/4
  1463 | D:2      | Reached XP level 5. HP: 36/41 MP: 5/5
  1509 | D:2      | Found an opulent altar of Gozag.
  1527 | D:2      | Became a worshipper of Gozag Ym Sagoz the Greedy
  1655 | D:3      | Reached XP level 6. HP: 38/47 MP: 6/6
  1732 | D:3      | Reached skill level 7 in Polearms
  2310 | D:3      | Noticed a +0 hand axe
  2310 | D:3      | Noticed a +0 dagger
  2311 | D:3      | Found a hide-covered altar of Uskayaw.
  2533 | D:4      | Found a staircase to the Ecumenical Temple.
  2668 | D:4      | Reached skill level 8 in Polearms
  2786 | D:4      | Reached XP level 7. HP: 49/52 MP: 7/7
  3031 | D:4      | Found a shattered altar of Ashenzari.
  3128 | D:4      | Reached skill level 9 in Polearms
  3188 | D:5      | Entered Level 5 of the Dungeon
  3250 | D:5      | HP: 2/52 [ice beast (7)]
  3275 | D:5      | Reached skill level 10 in Polearms
  3568 | D:5      | Reached skill level 11 in Polearms
  3644 | D:5      | Reached XP level 8. HP: 44/58 MP: 8/8
  3689 | D:5      | Found a snail-covered altar of Cheibriados.
  3700 | D:5      | Reached skill level 12 in Polearms
  3907 | D:5      | Reached skill level 1 in Dodging
  4208 | D:6      | Found a stormy altar of Qazlal.
  4295 | D:6      | Found Gimp's Armour Shoppe.
  4315 | D:6      | Bought a +2 chain mail of fire resistance for 301 gold
                  | pieces
  4346 | D:6      | Reached skill level 13 in Polearms
  4599 | D:6      | Reached XP level 9. HP: 66/66 MP: 9/9
  4606 | D:6      | Noticed Blork the orc
  4620 | D:6      | Killed Blork the orc
  4911 | D:6      | Reached skill level 5 in Fighting
  5004 | D:7      | Found Cyqutaew's Gadget Emporium.
  5012 | D:7      | Found Cehiriat's Weapon Emporium.
  5100 | D:7      | Reached skill level 14 in Polearms
  5269 | D:7      | Reached skill level 5 in Dodging
  5269 | D:7      | Reached skill level 5 in Shields
  5279 | D:7      | Learned a level 2 spell: Passwall
  5350 | D:7      | Reached skill level 1 in Transmutations
  5874 | D:8      | Found a staircase to the Lair.
  6404 | D:8      | Reached XP level 10. HP: 74/74 MP: 10/10
  6850 | D:9      | Reached skill level 5 in Transmutations
  6899 | D:9      | Found a white marble altar of Elyvilon.
  7814 | D:9      | Noticed a cyclops
  7861 | D:9      | Killed a cyclops
  8159 | D:10     | Entered Level 10 of the Dungeon
  8270 | D:10     | Noticed a manticore
  8308 | D:10     | Killed a manticore
  8502 | D:10     | Reached XP level 11. HP: 19/80 MP: 11/11
  8961 | D:10     | Reached skill level 1 in Earth Magic
  9381 | D:10     | Found a basalt altar of Yredelemnul.
 10149 | D:11     | Noticed a green ugly thing
 10165 | D:11     | Killed a green ugly thing
 10335 | Lair:1   | Entered Level 1 of the Lair of Beasts
 10379 | Lair:1   | Slain by a komodo dragon

Skill      XL: |  1  2  3  4  5  6  7  8  9 10 11 |
---------------+----------------------------------+-----
Polearms       | 4 6 8 11 13 14 | 14.0
Shields        | 4 6 8 |  8.9
Dodging        | 3 6 9 |  9.7
Fighting       | 4 5 6 |  6.5
Transmutations | 4 8 |  8.0
Earth Magic    | 2 |  2.5
Armour         | |  2.1

Action                   |  1- 3 |  4- 6 |  7- 9 | 10-12 || total
-------------------------+-------+-------+-------+-------++-------
Melee: Trident           |   119 |   154 |   366 |   636 ||  1275
Invok: Potion Petition   |       |       |       |     2 ||     2
  Use: Scroll            |       |     7 |     1 |       ||     8
       Potion            |       |     2 |     2 |     6 ||    10
 Stab: Sleeping          |     1 |       |     1 |       ||     2
       Distracted        |       |       |     1 |     4 ||     5
  Eat: Chunk             |     2 |     1 |       |       ||     3
       Ration            |       |     1 |     3 |     4 ||     8
Armor: Scale mail        |    33 |    70 |    38 |       ||   141
       Chain mail        |       |       |    57 |   200 ||   257
Dodge: Dodged            |    25 |    47 |    42 |   252 ||   366
Block: Shield            |    37 |    78 |   102 |   164 ||   381
       Buckler           |       |       |       |    83 ||    83
